Cogmind - Beta 13 @@@ ROGUE MODE // 2024.04.04 @ 09:06:41 Player: writers.room Result: Destroyed by S-10 Pest with Light Assault Rifle Performance ------------- Evolutions (2) 1000 Regions Visited (3) 600 Robots Destroyed (29) 145 Value Destroyed (716) 716 Prototype IDs (1) 20 Alien Tech Used (0) 0 Bonus (200) 200 TOTAL SCORE: 2681 Bonus ------- Pacifist 200 Cogmind --------- Core Integrity 0/550 Matter 204/300 Energy 99/100 System Corruption 2% Temperature Cool (0) Movement Core (50) Location -8/Materials Parts ------- > --- POWER (1) -------- (None) > --- PROPULSION (2) --- (None) > --- UTILITY (6) ------ (None) > --- WEAPON (2) ------- (None) > --- INVENTORY (5) ---- Nuclear Core Heavy Particle Cannon Scythe Peak State ------------ > --- POWER ------------ Light Angular Momentum Engine > --- PROPULSION ------- Aluminum Leg Wheel > --- UTILITY ---------- Structural Scanner Terrain Scanner Terrain Scan Processor > --- WEAPON ----------- Field Laser Improved Grenade Launcher > --- INVENTORY -------- Nuclear Core Heavy Particle Cannon Scythe [Rating: 17] Favorites ----------- Power Nuclear Core Engine Ion Engine Power Core Nuclear Core Propulsion Aluminum Leg Leg Aluminum Leg Wheel Wheel Hover Unit Backup Propulsion I Flight Unit Flight Unit Utility Heat Sink Device Heat Sink Storage Small Storage Unit Processor Terrain Scan Processor Protection Backup Plating I Weapon Advanced Beam Cannon Energy Gun Particle Gun Energy Cannon Advanced Beam Cannon Ballistic Gun Light Assault Rifle Launcher Improved Grenade Launcher Build | -11 -10 -9 -8 ------- Run | Yrd Mat Mat Mat Slots Evolved 4 | . . 2 2 Power . | . . . . Propulsion . | . . . . Utility 4 | . . 2 2 Weapon . | . . . . Parts Attached 36 | . . 21 15 Power 6 | . . 4 2 Engine 2 | . . 1 1 Core 4 | . . 3 1 Reactor . | . . . . Propulsion 9 | . . 6 3 Treads . | . . . . Leg 6 | . . 4 2 Wheel 1 | . . . 1 Hover . | . . . . Flight 2 | . . 2 . Utility 8 | . . 4 4 Device 6 | . . 3 3 Storage 1 | . . 1 . Processor 1 | . . . 1 Hackware . | . . . . Protection . | . . . . Artifact . | . . . . Weapon 13 | . . 7 6 Energy Gun 4 | . . 2 2 Energy Cannon 7 | . . 4 3 Ballistic Gun 1 | . . 1 . Ballistic Cannon . | . . . . Launcher 1 | . . . 1 Special Weapon . | . . . . Impact Weapon . | . . . . Slashing Weapon . | . . . . Piercing Weapon . | . . . . Special Melee Weapon . | . . . . Unidentified Prototypes 1 | . . 1 . Corrupted Parts 1 | . . . 1 System Corruption 2 | . . . 2 Parts Lost 8 | . . 2 6 Power . | . . . . Propulsion 3 | . . 2 1 Utility 3 | . . . 3 Weapon 2 | . . . 2 Highest Loss Streak 5 | . . 1 5 To Critical Strikes . | . . . . Average Slot Usage (%) 50 | . . 52 52 Engine 2 | . . 1 3 Core 6 | . . 8 3 Leg 10 | . . 9 13 Hover 3 | . . 5 . Flight 1 | . . 2 . Device 10 | . . 7 16 Protection 2 | . . 3 . Energy Gun 5 | . . 6 3 Energy Cannon 6 | . . 5 10 Naked Turns 83 | . 35 10 38 Heaviest Build 22 | . . 18 22 Greatest Support 20 | 3 3 20 20 Greatest Overweight (x) 5 | . . 2 5 Average Overweight (x) . | . . . . Largest Inventory Capacity 8 | 5 5 8 5 Average Capacity 5 | 5 5 5 5 Most Carried 6 | . . 6 5 Average Carried 3 | . . 4 3 Final Capacity 5 | 5 5 5 5 Final Carried 5 | . . 5 3 Class Distribution -------------------- 68% | Mutant 31% | Scavenger-Mutant Dominant Class ---------------- Mutant | -10/Materials Mutant | -9/Materials Scavenger-Mutant | -8/Materials Resources | -11 -10 -9 -8 ----------- Run | Yrd Mat Mat Mat Matter Collected 482 | . . 250 232 Remotely . | . . . . Salvage Created 929 | . . 398 531 Parts 57 | . . 29 28 Haulers Intercepted . | . . . . Recyclers Shooed . | . . . . Parts Field Recycled . | . . . . Retrieved Matter . | . . . . Parts Self-Destructed . | . . . . Prevented . | . . . . Kills | -11 -10 -9 -8 ------- Run | Yrd Mat Mat Mat Combat Hostiles Destroyed 18 | . . 11 7 Melee 1 | . . . 1 Guns 9 | . . 7 2 Cannons 6 | . . 4 2 AOE 2 | . . . 2 Classes Destroyed 7 | . . 5 2 Worker 3 | . . 1 2 Builder 5 | . . 1 4 Recycler 2 | . . . 2 Watcher 1 | . . . 1 Swarmer 4 | . . 3 1 Grunt 13 | . . 7 6 Sentry 1 | . . 1 . Best Kill Streak 7 | . . 5 7 Combat Bots Only 4 | . . 4 4 Max Kills in Single Turn 3 | . . 1 3 Gunslinging . | . . . . Exploded 1 | . . . 1 Melee 1 | . . . 1 Uniques/NPCs Destroyed . | . . . . Combat | -11 -10 -9 -8 -------- Run | Yrd Mat Mat Mat Hostile Shots Fired 239 | . 10 92 137 Missed 92 | . 4 38 50 Damage Taken 1945 | . 85 633 1227 Core 874 | . 85 233 556 Absorbed by Shields . | . . . . Core Remaining (%) 69 | 100 66 41 . Volleys Fired 76 | . . 53 23 Largest 2 | . . 2 2 Hottest 138 | . . 136 138 Shots Fired 109 | . . 65 44 Gun 58 | . . 52 6 Cannon 47 | . . 13 34 Launcher 4 | . . . 4 Special . | . . . . Kinetic 36 | . . 36 . Thermal 52 | . . 29 23 Explosive 4 | . . . 4 Electromagnetic 17 | . . . 17 Robot Hit Streak 14 | . . 6 14 Robot Miss Streak 3 | . . 3 3 Penetration Max . | . . . . Secondary Targets . | . . . . Shots Hit Robots 69 | . . 41 28 Core Hits 43 | . . 18 25 Critical Kills . | . . . . Critical Parts Destroyed . | . . . . Critical Strikes . | . . . . Melee Attacks . | . . . . Impact . | . . . . Slashing . | . . . . Piercing . | . . . . Sneak Attacks . | . . . . Combat Hostiles . | . . . . Follow-up Attacks . | . . . . Damage Inflicted 1728 | . . 516 1212 Guns 359 | . . 309 50 Cannons 755 | . . 207 548 Explosions 581 | . . . 581 Melee . | . . . . Ramming 33 | . . . 33 Kinetic 204 | . . 204 . Thermal 586 | . . 312 274 Explosive 507 | . . . 507 Electromagnetic 398 | . . . 398 Impact . | . . . . Slashing . | . . . . Piercing . | . . . . Highest Corruption 2 | . 1 . 2 Average Corruption 1 | . 1 . 2 Corruption Purged . | . . . . Corruption Blocked . | . . . . Overload Shots . | . . . . Overflow Damage 91 | . . . 91 Projectiles 35 | . . . 35 Explosions 56 | . . . 56 Melee . | . . . . Knockbacks . | . . . . Impact . | . . . . Kinetic . | . . . . Secondary . | . . . . Self-Inflicted Damage 151 | . . . 151 Shots 4 | . . . 4 Rammed 9 | . . . 9 Targets Rammed 9 | . . . 9 Kicked . | . . . . Crushed . | . . . . Highest Temperature 490 | . . 490 328 Average Temperature 142 | . . 192 69 Received Heat Transfer 828 | . 36 351 441 Effects 12 | . . 11 1 Shutdowns 3 | . . 3 . Energy Bleed 2 | . . 1 1 Interference 2 | . . 2 . Short Circuit 1 | . . 1 . Damage (major) 4 | . . 4 . Siege Activations . | . . . . Robots Corrupted . | . . . . Combat Hostiles . | . . . . Parts Fried 2 | . . . 2 Impact Corruptions . | . . . . Robots Melted . | . . . . Combat Hostiles . | . . . . Parts Melted 1 | . . 1 . Heat Transferred 1062 | . . 629 433 Parts Sabotaged . | . . . . Parts Stolen . | . . . . Parts Stripped . | . . . . Power Chain Reactions 1 | . . . 1 Alert | -11 -10 -9 -8 ------- Run | Yrd Mat Mat Mat Peak Influence 367 | . 30 255 367 Initial 46 | . . 12 46 Average 119 | . 20 104 156 Maximum Alert Level 1 | . . 1 1 Low Security (%) 88 | 100 100 98 70 Level 1 11 | . . 1 29 Level 2 . | . . . . Level 3 . | . . . . Level 4 . | . . . . Level 5 . | . . . . High Security . | . . . . Max Security . | . . . . Squads Dispatched 4 | . 1 2 1 Investigation 1 | . . 1 . Extermination . | . . . . Reinforcement 3 | . 1 1 1 Assault . | . . . . Garrison . | . . . . Intercept . | . . . . Searches Triggered . | . . . . Construction Impeded 1 | . . . 1 Haulers Reinforced . | . . . . Active Scanning Responses . | . . . . Cargo Convoy Interrupts . | . . . . Stealth | -11 -10 -9 -8 --------- Run | Yrd Mat Mat Mat Distress Signals 2 | . . . 2 Communications Jammed . | . . . . Distress Signals . | . . . . Times Spotted 39 | . 5 12 22 Peak Tracking Total 9 | . 4 3 9 Tactical Retreats 4 | . . . 4 Traps | -11 -10 -9 -8 ------- Run | Yrd Mat Mat Mat Traps Triggered 2 | . 1 1 . Indirectly . | . . . . Trap Hack Attempts . | . . . . Triggered . | . . . . Disarmed . | . . . . Reprogrammed . | . . . . Reused . | . . . . Traps Extracted . | . . . . Installed . | . . . . Triggered . | . . . . Machines | -11 -10 -9 -8 ---------- Run | Yrd Mat Mat Mat Machines Disabled 3 | . . . 3 Max in Single Turn 1 | . . . 1 Machines Repaired . | . . . . Machines Dismantled . | . . . . Machines Sabotaged . | . . . . Overloaded Fab Kills . | . . . . Hacking | -11 -10 -9 -8 --------- Run | Yrd Mat Mat Mat Machines Accessed 3 | . . 2 1 Terminals 2 | . . 1 1 Fabricators . | . . . . Repair Stations 1 | . . 1 . Recycling Units . | . . . . Scanalyzers . | . . . . Garrison Access . | . . . . Total Hacks 7 | . . 3 4 Successful 5 | . . 2 3 Failed 2 | . . 1 1 Catastrophic . | . . . . Database Lockouts . | . . . . Manual . | . . . . Terminals 5 | . . 1 4 Fabricators . | . . . . Repair Stations 2 | . . 2 . Recycling Units . | . . . . Scanalyzers . | . . . . Garrison Access . | . . . . Terminal Hacks 4 | . . 1 3 Record 2 | . . . 2 Robot Analysis 1 | . . 1 . Hauler Manifests 1 | . . . 1 Fabricator Hacks . | . . . . Repair Station Hacks 1 | . . 1 . Refit 1 | . . 1 . Recycling Unit Hacks . | . . . . Scanalyzer . | . . . . Garrison Access Hacks . | . . . . Unauthorized Hacks . | . . . . Terminals . | . . . . Fabricators . | . . . . Repair Stations . | . . . . Recycling Units . | . . . . Scanalyzers . | . . . . Garrison Access . | . . . . Data Cores Recovered . | . . . . Used . | . . . . Hacking Detections 1 | . . 1 . Full Trace Events . | . . . . Feedback Events . | . . . . Feedback Blocked . | . . . . Robot Schematics Acquired . | . . . . Robots Built . | . . . . Authchips . | . . . . Time . | . . . . Total Robot Build Rating . | . . . . Part Schematics Acquired . | . . . . Parts Built . | . . . . Authchips . | . . . . Time . | . . . . Total Part Build Rating . | . . . . Parts Repaired . | . . . . Time . | . . . . Parts Recycled . | . . . . Recycled Matter . | . . . . Retrieved Matter . | . . . . Retrieved Components . | . . . . Parts Scanalyzed . | . . . . Part Schematics Acquired . | . . . . Parts Damaged . | . . . . Bothacking | -11 -10 -9 -8 ------------ Run | Yrd Mat Mat Mat Used RIF Installer . | . . . . Robots Hacked . | . . . . Non-combat . | . . . . Combat . | . . . . Robot Hacks Applied . | . . . . Relay Couplers Released . | . . . . Fabnet Peak Effective % . | . . . . Robots Rewired . | . . . . Allies Hacked . | . . . . Hacks Repelled . | . . . . Allies | -11 -10 -9 -8 -------- Run | Yrd Mat Mat Mat Total Allies . | . . . . Largest Group . | . . . . Highest-Rated Group . | . . . . Highest-Rated Ally . | . . . . Total Orders . | . . . . Ally Attacks . | . . . . Total Damage . | . . . . Kills . | . . . . Allies Corrupted . | . . . . Allies Melted . | . . . . Intel | -11 -10 -9 -8 ------- Run | Yrd Mat Mat Mat Robot Analysis Total 1 | . . 1 . Derelict Logs Recovered . | . . . . Drone Launches . | . . . . Drone Recoveries . | . . . . Exploration | -11 -10 -9 -8 ------------- Run | Yrd Mat Mat Mat Turns Passed 921 | 9 35 543 334 Spaces Moved 594 | 19 70 316 189 Core 212 | 19 70 58 65 Treads . | . . . . Legs 284 | . . 160 124 Wheels . | . . . . Hover 88 | . . 88 . Flight 10 | . . 10 . Fastest Speed 37 | 50 50 37 50 Average Speed 111 | 50 50 124 120 Slowest Speed 300 | 50 50 240 300 Overloaded Moves . | . . . . Propulsion Burnouts . | . . . . Robots Hopped . | . . . . Cave-ins Triggered . | . . . . Exploration Rate (%) 18 | 4 23 27 21 Regions Visited 3 Branch Regions . Pre-discovered Areas . | . . . . Known Exits Taken . | . . . . Unknown Exits Taken 3 | 1 1 1 . Scrap Searched . | . . . . Spaces Dug . | . . . . Terrain Destroyed 35 | . . . 35 Melee . | . . . . Projectile 11 | . . . 11 AOE 24 | . . . 24 Terrain Rammed . | . . . . Walls Destroyed . | . . . . Machines Disabled . | . . . . Actions | -11 -10 -9 -8 --------- Run | Yrd Mat Mat Mat Total 745 | 18 69 405 253 Wait . | . . . . Move 591 | 18 69 315 189 Hop . | . . . . Pick Up 4 | . . 3 1 Fast Attach 30 | . . 18 12 Attach 3 | . . 1 2 Detach 14 | . . 8 6 Swap 3 | . . 2 1 Drop 15 | . . 5 10 Fire 76 | . . 53 23 Melee . | . . . . Ram 9 | . . . 9 Kick . | . . . . Crush . | . . . . Escape Stasis . | . . . . Rewire . | . . . . Trap . | . . . . Miscellaneous . | . . . . Route ------- -11/Scrapyard -10/Materials -9/Materials -8/Materials History --------- Turn | Location | Event 3 | -11/Scrapyard | Discovered new exit (range 15) 10 | -11/Scrapyard | Entered Materials 38 | -10/Materials | Discovered new exit (range 16) 45 | -10/Materials | Entered another Materials area 45 | -9/Materials | Evolved 2 slots: Utility x2 300 | -9/Materials | Build established: Mutant 345 | -9/Materials | Released all parts (3) 433 | -9/Materials | Core integrity fell below 50% 459 | -9/Materials | Released all parts (4) 531 | -9/Materials | Discovered new exit (range 16) 588 | -9/Materials | Entered another Materials area 588 | -8/Materials | Evolved 2 slots: Utility x2 859 | -8/Materials | Lost 5 parts (1n3u1w) 884 | -8/Materials | Released all parts (7) 888 | -8/Materials | Core integrity fell below 50% 914 | -8/Materials | Core integrity fell below 20% 922 | -8/Materials | Destroyed by S-10 Pest with Light Assault Rifle Last Messages --------------- 00882_ K-01 Serf collects debris. 00884_ Released Terrain Scanner. 00884_ Released Wheel. 00884_ Released Structural Scanner. 00884_ Released Aluminum Leg. 00884_ Released Lgt. Angular Momentum Engine. 00884_ Released Field Laser. 00884_ Released Terrain Scan Processor. 00886_ Acquired 12 matter. 00886_ K-01 Serf collects debris. 00890_ Slammed into W-25 Informer. 00892_ K-01 Serf collects debris. 00901_ Slammed into K-01 Serf. 00903_ Destabilizing: Core damaged (-22). 00912_ Slammed into S-10 Pest. 00913_ Destabilizing: Core damaged (-5). 00914_ Slammed into S-10 Pest. 00917_ S-10 Pest destroyed. 00918_ Acquired 20 matter. 00918_ T-07 Excavator is excavating. Map ----- +----------------------------------------------------+ | ??????????????????????????????????????? | | ??????????????????????????????????????? | | ??????????????????????????????????????? | | ??????????????????????????????????????? | | ??????????????????????????????????????? | | ???????????????????????????########???? | | ???????????????????????????? ! ##+#? | | ########???????????????????? # ? | | ? """ #????????????????????? "" ? ? | | ? "Y" #????????????????????? T" ? !? | | ?? ??????????????????????? ""??# #? | | ?? ! ???????????#######????? ??# #? | | ??? ??????##+##?# #######+#### ## | | ??? ??????# ### | | ???#+######## | | ???# s### | | ??##+#####s #?# ############### | | # #?# s* #########?????????????# | | # "T" #?# s ##### ??????????# | | # #?# ss ?????????? | | # #?# """ ???? | | # #?# ! """ ????????#### | | # ! #?# """ #####???????????? | | ########?# ##???????????????? | | ?????????#+## #????????????????? | | ????????????# @""" #????????????????? | | ????????????# """ #????????????????? | | ????????????# """ #????????????????? | | ????????????# #????????????????? | | ????????????+ +????????????????? | | ????????????# u #????????????????? | | ????????????###t## #????????????????? | | ???????????????##? #????????????????? | | ??????????????????? ?????????????????? | | ??????????????????????????????????????? | | ??????????????????????????????????????? | | ??????????????????????????????????????? | | ??????????????????????????????????????? | | ??????????????????????????????????????? | | ??????????????????????????????????????? | | ??????????????????????????????????????? | | ??????????????????????????????????????? | | ??????????????????????????????????????? | | ??????????????????????????????????????? | | ??????????????????????????????????????? | | ??????????????????????????????????????? | | ??????????????????????????????????????? | | ??????????????????????????????????????? | | ??????????????????????????????????????? | | ??????????????????????????????????????? | +----------------------------------------------------+ Best States ------------- Heat Dissipation 51 Energy Generation 18 Energy Capacity 250 Matter Stores 204 Matter Capacity 300 Sight Range 16 Terrain Scan Density 10 Armor Coverage 80 Evasion (%) 57 Item Schematics ----------------- None Robot Schematics ------------------ None Fabricated ------------ Nothing Alien Tech Used ----------------- None Achievements -------------- None Challenges ------------ None Game ------ Seed RelayPhysicsCleaver Manual? 0 Play Time 00:11:14 Cumulative 32.1 hours Start 2024.04.04 @ 08:58:53 End 2024.04.04 @ 09:06:41 Sessions 1 Manual Loads 0 Difficulty Rogue Special Mode None Game No. 84 Rogue 44 Adventurer 14 Explorer 26 Win Type - Total 0 Types 0/0/0/0/0/0/0/0/0 Lore% 22 Gallery% 30 Achievement% 26 Wizard Run 0 Options --------- Layout 0 ASCII 0 Keyboard 1 Movement Vi Keybinds 0 Fullscreen 1 Font 18/SmallcapsGlow Map View 76x50 Zoom Use 0% Tactical HUD 1 Map Filters NONE Filters NONE Steam 1 RUN: 6c542cec-e772-4513-b75a-1df2cf34705e